 Dungeon Crawl Stone Soup version 0.22.1 (webtiles) character file.

491 Fang the Chopper (level 7, -4/44 HPs)
             Began as a Gargoyle Berserker on Sept 18, 2018.
             Was a Priest of Trog.
             Slain by a howler monkey (6 damage)
             ... on level 5 of the Dungeon.
             The game lasted 00:04:48 (4722 turns).

Fang the Chopper (Gargoyle Berserker)               Turns: 4722, Time: 00:04:50

Health: -4/44      AC:  1    Str: 23    XL:     7   Next: 14%
Magic:  7/7        EV: 13    Int:  7    God:    Trog [***...]
Gold:   188        SH:  0    Dex:  9    Spells: 6/6 levels left

rFire    + . .     SeeInvis .   a - +0 hand axe
rCold    x . .     Gourm    .   (no shield)
rNeg     + . .     Faith    .   b - +0 animal skin
rPois    ∞         Spirit   .   (no helmet)
rElec    +         Reflect  .   (no cloak)
rCorr    .         Harm     .   (no gloves)
MR       .....                  (no boots)
Stlth    +.........             (no amulet)
HPRegen  0.14/turn              i - +2 ring of protection
MPRegen  0.10/turn              v - ring of fire

@: corroded, berserk cooldown, very slightly contaminated, slowed, very slow
A: negative energy resistance 1, electricity resistance, unbreathing,
petrification resistance, rot immunity, AC +4
a: Berserk, Trog's Hand, Renounce Religion


You were on level 5 of the Dungeon.
You worshipped Trog.
Trog was most pleased with you.
You were near starving.

You visited 1 branch of the dungeon, and saw 5 of its levels.

You collected 188 gold pieces.

Inventory:

Hand Weapons
 a - a +0 hand axe (weapon)
Armour
 b - a +0 animal skin (worn)
Jewellery
 i - a +2 ring of protection (left hand)
 p - an uncursed ring of see invisible
 u - an uncursed ring of resist corrosion
 v - a ring of fire (right hand)
Scrolls
 f - 2 scrolls of fog {unknown}
 g - 4 scrolls of remove curse {unknown}
 h - 2 scrolls of magic mapping
 k - 4 scrolls of teleportation {unknown}
 o - a scroll of immolation {unknown}
 q - 2 scrolls of amnesia {unknown}
 r - 3 scrolls of identify {unknown}
 s - a scroll of fear {unknown}
 x - a scroll of enchant weapon {unknown}
Potions
 e - 3 potions of haste {unknown}
 j - 3 potions of flight {unknown}
 l - a potion of mutation {unknown}
 n - a potion of ambrosia {unknown}
 t - a potion of agility {unknown}
 w - a potion of curing {unknown}
Comestibles
 c - 11 rations


   Skills:
 + Level 5.1 Fighting
 + Level 5.2 Axes
 + Level 2.3 Armour
 + Level 3.3 Dodging
 + Level 1.0 Stealth


You had 6 spell levels left.
You didn't know any spells.
Your spell library was empty.

Dungeon Overview and Level Annotations

Branches:
Dungeon (5/15)             Temple (0/1) D:5

Altars:
Ashenzari
Elyvilon
Makhleb
Nemelex Xobeh
Trog
Vehumet
The Shining One

Annotations:
D:5 Prince Ribbit


Innate Abilities, Weirdness & Mutations

You are resistant to torment.
Your stone body is resilient. (AC +4)
You are immune to poison.
You resist negative energy. (rN+)
You are resistant to electric shocks. (rElec)
You can survive without breathing.
You are immune to petrification.
You are immune to rotting.


Message History

As you read the scroll labeled WAODUI YZXOTI, it crumbles to dust.
It was a scroll of blinking.
The howler monkey hoots and howls with incredible vigour!
You hear a bark!
As you read the scroll labeled HOXEVO VOUNESA, it crumbles to dust.
You feel aware of your surroundings.
You sensed 1 shop/portal.
It was a scroll of magic mapping.
The howler monkey hoots and howls with incredible vigour!
The bullfrog zombie hits you.
* * * LOW HITPOINT WARNING * * *
A hound comes into view.
Prince Ribbit blinks!
As you read the scroll labeled SAELAO ZIRERUA, it crumbles to dust.
You hear a loud clanging noise!
It was a scroll of noise.
The bullfrog zombie hits you.
* * * LOW HITPOINT WARNING * * *
The bullfrog zombie hits you.
* * * LOW HITPOINT WARNING * * *
The howler monkey hits you.
You die...

*,**,,,,............#*
*,,,,,,,,*
****,,,,............#
*,,,,,,,**
**<,,,............#***,,,,,,**
*,,,,,.........§.,,,,,≈≈≈,,,*
**,,,,.........#***,,≈≈≈≈≈,,*
*,,,,,,,,,,#h#* *,≈≈≈≈≈≈≈**
***********#J## *,≈≈≈>≈≈≈**
#hZ# **≈≈≈≈≈≈≈,* ##@#
*,≈≈≈≈≈,,* #.## *,,≈≈≈,,,*
##.## ********,* #..#
**,,,,,,** ##.# *,,,,,,,,**
#.## ****,,,,,,, #..#
*,,*,,,,,,, ##.###,,',,,,,,,
#)).#,,*,..,,,,


You could see a howler monkey, a hound, a jelly and a bullfrog zombie.

Vanquished Creatures
  A water moccasin zombie (D:5)
  A howler monkey (D:4)
  3 crimson imps
  3 orc wizards
  An orc priest (D:5)
  A hound skeleton (D:4)
  4 adders
  A gnoll (D:1)
  3 dart slugs
  4 leopard geckos
  19 orcs
  2 ball pythons
  2 giant cockroaches (D:3)
  13 goblins
  8 hobgoblins
  3 jackals (D:3)
  4 kobolds
  A ball python skeleton (D:4)
  11 bats
  5 frilled lizards
  11 rats
101 creatures vanquished.

Notes
Turn   | Place    | Note
-------+----------+-------------------------------------------
     0 | D:1      | Fang the Gargoyle Berserker began the quest for the Orb.
     0 | D:1      | Reached XP level 1. HP: 14/14 MP: 1/1
   135 | D:1      | Reached XP level 2. HP: 11/19 MP: 2/2
   575 | D:1      | Reached XP level 3. HP: 17/24 MP: 3/3
   637 | D:1      | Reached ** piety under Trog
  1131 | D:2      | Reached XP level 4. HP: 28/29 MP: 4/4
  1178 | D:2      | Found a shattered altar of Ashenzari.
  2358 | D:3      | Reached XP level 5. HP: 33/33 MP: 5/5
  2550 | D:3      | Found a burning altar of Makhleb.
  3002 | D:4      | Reached XP level 6. HP: 39/39 MP: 6/6
  3245 | D:4      | Found a white marble altar of Elyvilon.
  3335 | D:4      | Found a sparkling altar of Nemelex Xobeh.
  3355 | D:4      | Found a radiant altar of Vehumet.
  3356 | D:4      | Found a glowing golden altar of the Shining One.
  3886 | D:4      | Noticed a moth of wrath
  3889 | D:4      | Found a bloodstained altar of Trog.
  3897 | D:4      | Reached *** piety under Trog
  4411 | D:5      | Entered Level 5 of the Dungeon
  4481 | D:5      | Reached skill level 5 in Fighting
  4485 | D:5      | Reached skill level 5 in Axes
  4695 | D:5      | Noticed Prince Ribbit
  4702 | D:5      | Reached skill level 1 in Stealth
  4702 | D:5      | Reached XP level 7. HP: 44/44 MP: 7/7
  4722 | D:5      | HP: 2/44 [bullfrog zombie (4)]
  4722 | D:5      | Slain by a howler monkey

Skill      XL: |  1  2  3  4  5  6 |
---------------+-------------------+-----
Axes           | 3 4 5 |  5.2
Dodging        | 2 3 |  3.3
Fighting       | 4 5 |  5.1
Stealth        | 1 |  1.0
Armour         | |  2.3

Action                   |  1- 3 |  4- 6 |  7- 9 || total
-------------------------+-------+-------+-------++-------
Melee: Hand axe          |   117 |   234 |    16 ||   367
Invok: Berserk           |     2 |     3 |       ||     5
  Use: Scroll            |       |       |     3 ||     3
  Eat: Chunk             |     3 |    12 |       ||    15
Armor: Animal skin       |    47 |    98 |    12 ||   157
Dodge: Dodged            |   105 |   165 |    25 ||   295
